cohdb
Replays
Latest Replays
All Replays
Popular Replays
Top Player Replays
Match Explorer
How It Works
Community
CoH3 Stats
Reddit
Sign in to upload your games and track your stats! →
Sign in with Steam
Match 42803599
Unlisted
Match 42803599
Overview
Messages
Build Orders
End
Pioneer Squad
Pioneer Squad
Construct Infanterie Kompanie
Selects Terror Battlegroup
Selects Machine Gun Camouflage
MG 42 Machine Gun Team
MG 42 Machine Gun Team
Construct Luftwaffe Kompanie
Jäger Squad
Flak 30 Anti-aircraft Gun Team
Medical Bunker
Jäger Squad
Luftwaffe Officer Quarters
Jäger Squad
Selects Defend the Fatherland
Support Elements
Wirbelwind Flakpanzer
Jäger Squad
Marder III M Tank Destroyer
XRayCat
Metzger
Hanzawilhelm Longbowman of Crécy
TechBee
0
0
Comments
sign in to comment!
No comments posted yet!